 Dungeon Crawl Stone Soup version 0.30-a0-394-g3e4acdb0ae (webtiles) character file.

Game seed: 4489866760139210288

6325 Bnni the Spear-Bearer (level 11, -1/92 HPs)
             Began as a Formicid Fighter on Dec 6, 2022.
             Asphyxiated
             ... on level 9 of the Dungeon.
             The game lasted 00:15:45 (9977 turns).

Bnni the Spear-Bearer (Formicid Fighter)            Turns: 9977, Time: 00:15:45

Health: -1/92      AC: 14    Str: 26    XL:     11   Next: 16%
Magic:  11/11      EV: 10    Int:  7    God:
Gold:   552        SH:  9    Dex: 13    Spells: 10/10 levels left

rFire   . . .      SeeInvis +    K - +0 halberd
rCold   . . .      Faith    .    c - +0 buckler
rNeg    . . .      Spirit   .    y - +0 plate armour
rPois   .          Reflect  .    (helmet unavailable)
rElec   .          Harm     .    o - +0 cloak
rCorr   .          Rampage  .    (no gloves)
Will    +....                    (no boots)
Stlth   ..........               (no amulet)
HPRegen 0.35/turn                u - +4 ring of evasion
MPRegen 0.12/turn                H - ring of flight

@: lethally poisoned (-1 -> -29), flying
A: permanent stasis, dig shafts and tunnels, antennae 3, four strong arms,
iridescent scales 1, large bone plates 1, deterioration 1
a: Dig, Shaft Self


You were on level 9 of the Dungeon.
You visited 2 branches of the dungeon, and saw 10 of its levels.
You also visited: Sewer.

You collected 552 gold pieces.

Inventory:

Hand Weapons
 a - a +0 trident
 K - a +0 halberd (weapon)
 L - a +1 hand axe of flaming
Missiles
 h - 33 poisoned darts
 m - 3 boomerangs of dispersal
 x - a boomerang
Armour
 c - a +0 buckler (worn)
 o - a +0 cloak (worn)
 y - a +0 plate armour (worn)
Jewellery
 g - a ring of ice
 u - a +4 ring of evasion (left hand)
 H - a ring of flight (right hand)
 M - a ring of positive energy
Wands
 B - a wand of paralysis (29)
 D - a wand of flame (14)
 F - a wand of roots (12)
Scrolls
 b - a scroll of amnesia {unknown}
 e - 4 scrolls of poison {unknown}
 i - 2 scrolls of magic mapping {unknown}
 k - 3 scrolls of noise {unknown}
 l - 4 scrolls of immolation {unknown}
 n - 3 scrolls of enchant weapon {unknown}
 p - a scroll of fear {unknown}
 q - 2 scrolls of fog {unknown}
 r - 2 scrolls of enchant armour {unknown}
 v - a scroll of brand weapon
 C - 2 scrolls of vulnerability
 E - a scroll of silence {unknown}
 G - 2 scrolls of summoning
Potions
 d - 2 potions of might
 f - 2 potions of degeneration {unknown}
 j - a potion of attraction {unknown}
 s - a potion of invisibility
 t - 2 potions of mutation
 w - a potion of flight {unknown}
 z - 3 potions of curing
 A - a potion of magic
 I - a potion of lignification


   Skills:
 + Level 10.7 Fighting
 * Level 13.1 Polearms
 - Level 3.2 Armour
 - Level 5.0 Shields


You had 10 spell levels left.
You didn't know any spells.
Your spell library contained the following spells:

 Spells                   Type           Power      Damage    Failure   Level
 Momentum Strike          Conj/Tloc      0%         3d8       100%        2
 Airstrike                Air            0%         2d(0-16)  100%        4
 Anguish                  Hex/Necr       0%         N/A       100%        4
 Leda's Liquefaction      Hex/Erth       0%         N/A       100%        4
 Summon Lightning Spire   Summ/Air       0%         N/A       100%        4
 Lightning Bolt           Conj/Air       0%         1d11      100%        5


Dungeon Overview and Level Annotations

Branches:
Dungeon (9/15)             Temple (1/1) D:6           Sewer (visited)
   Lair: D:8-11         Orc: D:9-12

Altars:
Ashenzari
Cheibriados
Dithmenos
Elyvilon
Fedhas
Gozag
Hepliaklqana
Kikubaaqudgha
Makhleb
Nemelex Xobeh
Okawaru
Qazlal
Ru
Sif Muna
Trog
Uskayaw
Vehumet
Wu Jian
Xom
Zin
The Shining One

Shops:
D:1 *


Innate Abilities, Weirdness & Mutations

You cannot be hasted, slowed, berserked, paralysed or teleported.
You can dig through walls and to a lower floor.
You have a pair of large antennae on your head. (SInv)
Your four strong arms can wield two-handed weapons with a shield.
You are partially covered in iridescent scales. (AC +2)
You are partially covered in large bone plates. (SH +4)
Your body sometimes deteriorates upon taking damage.


Message History

* * * LOW HITPOINT WARNING * * *
You feel very sick. You block the killer bee's attack. x2
Okay, then.
Unknown command.
It was a potion of curing.
You feel better.
The killer bee stings you but does no damage.
You block the killer bee's attack.
You hit the killer bee.
The killer bee is almost dead.
The killer bee stings you but does no damage.
You block the killer bee's attack.
Unknown command.
You barely miss the killer bee.
The killer bee is almost dead.
The killer bee stings you but does no damage.
The killer bee stings you.
* * * LOW HITPOINT WARNING * * *
Unknown command.
The helpless troll fails to defend itself.
You skewer the troll like a kebab!!!
You kill the troll!
You block the killer bee's attack. The killer bee barely misses you.
The kobold brigand throws a curare-tipped dart.
The curare-tipped dart hits you.
You are lethally poisoned!
You have difficulty breathing.
* * * LOW HITPOINT WARNING * * *
Your stasis prevents you from being slowed.
A yak comes into view.
You closely miss the killer bee.
The killer bee is almost dead.
* * * LOW HITPOINT WARNING * * *
You feel very sick.
The killer bee stings you but does no damage. x2
The kobold brigand throws a curare-tipped dart.
The curare-tipped dart hits you.
You are more poisoned.
You have difficulty breathing.
You die...

#.##..##...#.# #.....#
#............# #....##
#..........### #.#..#
#.##..#..#.# #....##
#..........# ###......
#..)......########........
#.))....###...Y.(###......
#.....###.†K####...###....
#...###.y@##...###...#####
#..##....##{....K##....#
#.##....## ####$. #(...
#.#....## { . #(..
#.#..).# { ... #.#....#{
.. #.#....#{ #.#....# {
#)#)...# {


You could see a yak, a kobold brigand and a killer bee.

Vanquished Creatures
  2 two-headed ogres (D:9)
  Pikel (D:7)
  A cyclops (D:9)
  2 trolls (D:9)
  A wyvern (D:7)
  2 steam dragons
  A water moccasin (D:7)
  Pargi (Sewer)
  An ice beast (D:5)
  2 sky beasts (D:8)
  2 orc warriors
  2 ogres
  A black bear (D:6)
  2 centaurs (D:9)
  A phantom (D:5)
  3 kobold brigands
  2 bullfrogs
  A necrophage (D:7)
  2 scorpions (D:5)
  3 wights (D:8)
  21 killer bees
  A howler monkey (D:9)
  5 orc priests
  2 hounds
  A gnoll bouda (D:9)
  3 iguanas
  6 orc wizards
  5 gnolls
  4 adders
  2 shadow imps
  2 white imps
  2 ufetubi
  3 dart slugs
  32 orcs
  7 endoplasms
  2 giant cockroaches
  4 goblins
  9 hobgoblins
  8 jackals
  4 quokkas
  8 ball pythons
  4 bats
  A frilled lizard (D:1)
  15 kobolds
  8 rats
192 creatures vanquished.

Vanquished Creatures (others)
  An orc wizard (D:5)
1 creature vanquished.

Grand Total: 193 creatures vanquished

Notes
Turn   | Place    | Note
-------+----------+-------------------------------------------
     0 | D:1      | Bnni the Formicid Fighter began the quest for the Orb.
     0 | D:1      | Reached XP level 1. HP: 18/18 MP: 1/1
   213 | D:1      | Reached XP level 2. HP: 24/24 MP: 2/2
   421 | D:1      | Found Vedomoi's Assorted Antiques.
   423 | D:1      | Reached XP level 3. HP: 29/29 MP: 3/3
   636 | D:2      | Got Sif Muna's Book of Baleful Battle Magic
   792 | D:2      | Found a sparkling altar of Nemelex Xobeh.
  1119 | D:2      | Reached skill level 3 in Polearms
  1119 | D:2      | Reached skill level 5 in Shields
  1119 | D:2      | Reached XP level 4. HP: 31/37 MP: 4/4
  1233 | D:3      | Found a shimmering blue altar of Sif Muna.
  1352 | D:3      | Found a glowing drain.
  1373 | D:3      | Reached XP level 5. HP: 23/42 MP: 5/5
  1424 | Sewer    | Entered a sewer
  1442 | Sewer    | Noticed Pargi
  1465 | Sewer    | Killed Pargi
  1466 | Sewer    | Reached skill level 4 in Polearms
  1466 | Sewer    | Reached XP level 6. HP: 27/49 MP: 6/6
  1684 | D:3      | Found a broken altar of Ashenzari.
  2204 | D:3      | Found a burning altar of Makhleb.
  2503 | D:3      | Found a glowing golden altar of the Shining One.
  2755 | D:4      | Noticed an ogre
  2763 | D:4      | Killed an ogre
  2764 | D:4      | Reached skill level 5 in Fighting
  2764 | D:4      | Reached skill level 5 in Polearms
  3139 | D:4      | Reached XP level 7. HP: 56/56 MP: 7/7
  3646 | D:5      | Entered Level 5 of the Dungeon
  3812 | D:5      | Found an ancient bone altar of Kikubaaqudgha.
  3888 | D:5      | Reached skill level 6 in Polearms
  4040 | D:5      | Found a shadowy altar of Dithmenos.
  4188 | D:5      | Reached XP level 8. HP: 57/64 MP: 8/8
  4242 | D:5      | Reached skill level 7 in Polearms
  5207 | D:6      | Found a hazy altar of Hepliaklqana.
  5374 | D:6      | Found a sparkling altar of Nemelex Xobeh.
  5379 | D:6      | Reached skill level 8 in Polearms
  5589 | D:6      | Found a staircase to the Ecumenical Temple.
  5594 | Temple   | Entered the Ecumenical Temple
  6049 | D:7      | Reached XP level 9. HP: 45/72 MP: 9/9
  6198 | D:7      | Reached skill level 9 in Polearms
  6216 | D:7      | HP: 4/108 [orc priest/divine providence (15)]
  6484 | D:7      | Noticed Pikel
  6499 | D:7      | Killed Pikel
  6500 | D:7      | Reached skill level 10 in Polearms
  6607 | D:7      | Found a radiant altar of Vehumet.
  6939 | D:7      | Reached XP level 10. HP: 52/82 MP: 10/10
  7208 | D:7      | Reached skill level 11 in Polearms
  7427 | D:7      | Found a stormy altar of Qazlal.
  8440 | D:8      | Found a bloodstained altar of Trog.
  9286 | D:9      | Found a white marble altar of Elyvilon.
  9363 | D:9      | Reached skill level 12 in Polearms
  9581 | D:9      | Noticed a cyclops
  9587 | D:9      | Killed a cyclops
  9588 | D:9      | Reached skill level 10 in Fighting
  9655 | D:9      | Noticed a two-headed ogre
  9670 | D:9      | Killed a two-headed ogre
  9932 | D:9      | Noticed a two-headed ogre
  9947 | D:9      | Killed a two-headed ogre
  9948 | D:9      | Reached skill level 13 in Polearms
  9948 | D:9      | Reached XP level 11. HP: 71/92 MP: 11/11
  9972 | D:9      | Gained mutation: Your body sometimes deteriorates upon
                  | taking damage. [potion of mutation]
  9972 | D:9      | Gained mutation: You are partially covered in large bone
                  | plates. (SH +4) [potion of mutation]
  9972 | D:9      | Gained mutation: You are partially covered in iridescent
                  | scales. (AC +2) [potion of mutation]
  9977 | D:9      | HP: 4/92 [poisoned by a kobold brigand (curare-tipped
                  | dart)]
  9977 | D:9      | Asphyxiated

Illustrated notes

Levels and vault maps discovered:
D:1:      giann_horns, layout_basic, serial_shops,
          nicolae_shop_overgrown_old_shop, minmay_misc_feat_tiny,
          minmay_fountain_box, minmay_misc_feat_encased, minmay_misc_feat_square
D:2:      layout_rooms, basic_altar
D:3:      layout_loops_corners, lightli_temple_of_fire,
          mainiacjoe_overflow_concentric_impassable, lemuel_doored_altar,
          nicolae_tso_swordbearing_angel, cheibrodos_sewer_entry_sluice,
          hex_large, st_stairs_10, minmay_pentomino_pile
D:4:      layout_loops_corners
D:5:      layout_basic, nicolae_dithmenos_through_a_glass_darkly,
          kiku_gazebo_pond_becter, minmay_misc_feat_pillars
D:6:      layout_loops_ring, mainiacjoe_overflow_paths, kennysheep_mini,
          temple_doors_ab
D:7:      nicolae_cairo_tiling_very_big, layout_basic, grunt_qazlal_clouds,
          mainiacjoe_overflow_small_starburst, uniq_pikel
D:8:      layout_loops_corners, lemuel_crystal_altar
D:9:      layout_stronghold, elyvilon_altar_4, general_overflow_altar,
          nzn_random_ring
Temple:   chequers_temple_sunken

Skill      XL: |  1  2  3  4  5  6  7  8  9 10 |
---------------+-------------------------------+-----
Polearms       | 3 4 5 6 8 10 13 | 13.1
Shields        | 5 |  5.0
Fighting       | 4 5 6 7 8 10 | 10.7
Armour         | |  3.2

Action                   |  1- 3 |  4- 6 |  7- 9 | 10-12 || total
-------------------------+-------+-------+-------+-------++-------
Melee: Trident           |   102 |   173 |   387 |   137 ||   799
       Halberd           |       |       |       |    96 ||    96
Throw: Dart              |       |     6 |       |     7 ||    13
Evoke: Wand              |       |       |     2 |     8 ||    10
  Use: Scroll            |       |       |     7 |     2 ||     9
       Potion            |       |       |     6 |     3 ||     9
 Stab: Invisible         |       |       |     7 |     6 ||    13
       Paralysed         |       |       |       |     8 ||     8
       Distracted        |       |       |       |     1 ||     1
Armor: Scale mail        |    21 |       |       |       ||    21
       Chain mail        |    29 |    97 |       |       ||   126
       Plate armour      |       |    23 |   162 |    87 ||   272
       Skin              |       |       |    29 |       ||    29
Dodge: Dodged            |    34 |    64 |   169 |    83 ||   350
Block: Buckler           |    20 |    48 |   105 |    49 ||   222

Table legend: (Time is in decaauts)
 A = Elapsed time spent in this place.
 B = Non-inter-level travel time spent in this place.
 C = Inter-level travel time spent in this place.
 D = Time resting spent in this place.
 E = Time spent auto-exploring this place.
 F = Levels seen in this place.
 G = Mean time per level.
                   A        B        C        D        E       F      G
               +--------+--------+--------+--------+--------+-----+--------+
         Total |  10002 |   9754 |    248 |   2020 |   6101 |  11 |  909.3 |
       Dungeon |   9534 |   9308 |    226 |   2005 |   5732 |   9 | 1059.3 |
        Temple |    214 |    192 |     22 |      0 |    186 |   1 |  214.0 |
         Sewer |    254 |    254 |      0 |     15 |    183 |   1 |  254.0 |
               +--------+--------+--------+--------+--------+-----+--------+

Top non-repeatable levels by time:
     D:7: 1736 daAuts
     D:5: 1305 daAuts
     D:3: 1160 daAuts
     D:8: 1123 daAuts
     D:4: 1078 daAuts
     D:9: 1042 daAuts
     D:6: 889 daAuts
     D:1: 633 daAuts
     D:2: 564 daAuts
   Sewer: 254 daAuts
  Temple: 214 daAuts
